 Dungeon Crawl Stone Soup version 0.13-a0-522-g8f4ad99 (console) character file.

269 vogonpoet the Sneak (level 4, 0/32 HPs)
             Began as a Vampire Assassin on Apr 29, 2013.
             Slain by a gnoll
             ... wielding a +0,+0 halberd
              (13 damage)
             ... on Level 3 of the Dungeon.
             The game lasted 00:09:06 (2759 turns).

vogonpoet the Sneak (Vampire Assassin)              Turns: 2759, Time: 00:09:06

HP   0/32        AC  4     Str 10      XL: 4   Next: 71%
MP   4/4         EV 12     Int 14      God:
Gold 152         SH  0     Dex 15      Spells:  0 memorised,  3 levels left

Res.Fire  : . . .   See Invis. : +   b - +0 blowgun
Res.Cold  : + + .   Warding    : .   r - +1 robe {rC+}
Life Prot.: + + .   Conserve   : .   (no shield)
Res.Poison: +       Res.Corr.  : .   (no helmet)
Res.Elec. : .       Clarity    : .   d - +0 cloak
Sust.Abil.: . .     Spirit.Shd : .   (no gloves)
Res.Mut.  : .       Stasis     : .   (no boots)
Res.Rott. : +       Ctrl.Telep.: .   (no amulet)
Saprovore : . . .   Flight     : .   (no ring)
                                     (no ring)

@: regenerating slowly, slightly resistant to hostile enchantments, very
stealthy
A: fangs 3, see invisible, unbreathing
a: Bat Form


You were on level 3 of the Dungeon.
You were very thirsty.

You visited 1 branch of the dungeon, and saw 3 of its levels.

You collected 102 gold pieces.

Inventory:

Hand weapons
 a - a +2,+2 dagger {=f}
 b - a +0 blowgun (weapon)
 t - a -2,+0 sling
Missiles
 e - 4 poisoned needles (quivered)
 f - 2 curare-tipped needles
 m - 70 stones
 p - a dart
 q - 2 throwing nets
Armour
 c - a +0 robe
 d - a +0 cloak (worn)
 r - a +1 robe of cold resistance (worn)
Scrolls
 j - 3 scrolls of identify
 k - a scroll of fear {unknown}
 l - a scroll of curse jewellery {unknown}
 o - a scroll of curse armour {unknown}
Potions
 i - 2 potions of speed
 n - a potion of restore abilities {unknown}
 s - a potion of curing {unknown}
Magical staves
 h - an uncursed staff of energy {unknown}


   Skills:
 - Level 1.7 Fighting
 * Level 5.4 Short Blades
 - Level 1.5 Throwing
 - Level 1.1 Dodging
 - Level 6.0 Stealth


You had 3 spell levels left.
You didn't know any spells.

Dungeon Overview and Level Annotations

Branches:
Dungeon (3/27)

Altars:
Trog

Annotations
D:3 vogonpoet's ghost, average DsFE


Innate Abilities, Weirdness & Mutations

You heal slowly.
You have razor-sharp teeth.*
You have supernaturally acute eyesight.
You can survive without breathing.*


Message History

The gnoll is poisoned.
The gnoll is moderately wounded.
The gnoll hits you from afar with a halberd!
Firing (i - inventory. (,) - cycle):
e - 5 poisoned needles (quivered)
Press: ? - help, Shift-Dir - straight line, f/p - gnoll
Aim: a gnoll, wielding a halberd (moderately wounded, poisoned)
You shoot a poisoned needle. The poisoned needle hits the gnoll.
The gnoll looks even sicker.
The gnoll is moderately wounded.
The gnoll hits you from afar with a halberd.
Really walk into that dart trap? [Y]es or [N]o only, please.
Really walk into that dart trap?
You avoid triggering a dart trap.
There is a dart trap here.
Things that are here:
a rotting giant newt corpse; 2 darts You are feeling very thirsty.
The gnoll hits you from afar with a halberd!
You die...

#...#.#..#.#.# #
#...#......#%## .
#...###..#....# #.# #
#........#....# ##### #.###
........####.#....# #...#
#.... ####...# #.#.)..#
#...# #.... #...# #......#
#...# #.... #...# ###....#
#...# #.... #...#
#.@..###...# #....
#...######...g......####....
#...........................
.####.....^........(.....
#.....#.^....#####...
#.....#......# #...
#.....#......# #...
###!###...#### #... #. #...#
#...


You could see a gnoll.

Vanquished Creatures
  Jessica (D:2)
  2 adders (D:2)
  3 gnolls (D:3)
  2 orcs (D:3)
  11 goblins
  8 hobgoblins
  4 jackals (D:2)
  2 quokkas (D:2)
  A ball python (D:1)
  6 bats
  A giant cockroach (D:2)
  4 giant newts (D:1)
  5 kobolds
  4 rats
54 creatures vanquished.

Vanquished Creatures (others)
  A giant newt (D:3)
  A kobold (D:2)
2 creatures vanquished.

Grand Total: 56 creatures vanquished

Notes
Turn   | Place    | Note
--------------------------------------------------------------
     0 | D:1      | vogonpoet, the Vampire Assassin, began the quest for the Orb.
     0 | D:1      | Reached XP level 1. HP: 15/15 MP: 1/1
   240 | D:1      | Reached XP level 2. HP: 19/21 MP: 2/2
   304 | D:1      | Reached skill level 6 in Stealth
   764 | D:2      | Reached XP level 3. HP: 24/26 MP: 3/3
   778 | D:2      | Noticed Jessica
   792 | D:2      | Killed Jessica
  1195 | D:2      | Reached XP level 4. HP: 6/32 MP: 4/4
  1471 | D:2      | Found a bloodstained altar of Trog.
  1932 | D:3      | Noticed vogonpoet's ghost (average DsFE)
  1936 | D:3      | Reached skill level 5 in Short Blades
  2759 | D:3      | Slain by a gnoll

Action                   |  1- 3 |  4- 6 || total
-------------------------+-------+-------++-------
Melee: Dagger            |   103 |    72 ||   175
 Fire: Blowgun           |     6 |    17 ||    23
       Sling             |       |     7 ||     7
Throw: Dart              |     4 |     8 ||    12
       Stone             |       |     2 ||     2
 Abil: End Transformatio |       |     1 ||     1
       Bat Form          |       |     1 ||     1
  Use: Scroll            |       |     3 ||     3
 Stab: Sleeping          |     6 |     1 ||     7
       Distracted        |     1 |       ||     1
